 Dungeon Crawl Stone Soup version 0.30.1-4-g462c640d31 (webtiles) character file.

Game seed: 8163455549200212107

103560 Wiggles the Executioner (level 15, -21/219 HPs)
             Began as a Minotaur Berserker on Sept 12, 2023.
             Was an Elder of Trog.
             Demolished by an orc knight
             ... wielding a +0 bardiche
              (35 damage)
             ... on level 2 of the Orcish Mines on Sept 13, 2023.
             The game lasted 00:41:02 (19328 turns).

Wiggles the Executioner (Minotaur Berserker)       Turns: 19328, Time: 00:41:02

Health: -21/219    AC: 27    Str: 28    XL:     15   Next: 89%
Magic:  13/14      EV:  2    Int:  4    God:    Trog [****..]
Gold:   2653       SH:  0    Dex: 11    Spells: 14/14 levels left

rFire   . . .        N - +4 executioner's axe (heavy)
rCold   . . .        (shield currently unavailable)
rNeg    + . .        A - melded +2 crystal plate armour
rPois   +            I - melded +2 hat {Stlth+}
rElec   .            j - melded +0 cloak of Yredelemnul's Esteem {rElec Regen+ Int+3 Dex-5}
rCorr   .            F - melded +1 pair of gloves
SInv    .            B - melded +2 pair of boots {rampage}
Will    +....        i - amulet of regeneration
Stlth   ++           h - ring of flight
HPRegen 1.36/turn    s - ring of positive energy
MPRegen 0.14/turn

%: no passive effects
@: tree-form, spiked, on berserk cooldown, slowed, studying Staves, unable to
drink, very slow
A: stationary, stasis, torment immunity, boosted hp, (horns 2), (retaliatory
headbutt), inability to drink after injury 1
a: Renounce Religion, Berserk, Trog's Hand, Brothers in Arms


You were on level 2 of the Orcish Mines.
You worshipped Trog.
Trog was greatly pleased with you.
You were a tree.
You visited 3 branches of the dungeon, and saw 22 of its levels.
You visited the Abyss 1 time.
You also visited: Bailey.

You collected 3033 gold pieces.
You spent 380 gold pieces at shops.

Inventory:

Hand Weapons
 v - a +5 battleaxe of venom
 N - a +4 heavy executioner's axe (weapon)
Armour
 c - the +18 Lear's hauberk
   (You found it on level 7 of the Dungeon)
 j - the +0 cloak of Yredelemnul's Esteem (melded) {rElec Regen+ Int+3 Dex-5}
   (You bought it in a shop on level 9 of the Dungeon)

   Int:       It affects your intelligence (+3).
   Dex:       It affects your dexterity (-5).
   rElec:     It insulates you from electricity.
   Regen:     It increases your rate of health regeneration.
 z - a +0 cloak
 A - a +2 crystal plate armour (melded)
 B - a +2 pair of boots of rampaging (melded)
 F - a +1 pair of gloves (melded)
 I - a +2 hat of stealth (melded)
 O - +0 fire dragon scales
 S - +0 swamp dragon scales
 T - +0 acid dragon scales
Jewellery
 b - an amulet of the acrobat
 h - a ring of flight (left branch)
 i - an amulet of regeneration (around neck)
 q - a +6 ring of intelligence
 s - a ring of positive energy (right branch)
 w - a ring of protection from cold
 L - a +6 ring of intelligence
 X - a ring of ice
 Y - an amulet of faith
Wands
 a - a wand of mindburst (18)
 d - a wand of polymorph (4)
 e - a wand of roots (25)
 o - a wand of paralysis (10)
 D - a wand of flame (23)
 J - a wand of digging (7)
Scrolls
 g - 5 scrolls of teleportation
 k - 3 scrolls of blinking
 r - 3 scrolls of immolation
 K - 9 scrolls of identify
 M - 3 scrolls of silence
 P - a scroll of brand weapon
 Q - a scroll of amnesia
 V - a scroll of fear
 W - a scroll of enchant armour {unknown}
Potions
 f - a potion of resistance
 l - 4 potions of mutation
 m - 6 potions of attraction
 n - 4 potions of invisibility
 p - 2 potions of ambrosia
 t - 3 potions of degeneration
 u - 5 potions of curing
 x - 2 potions of lignification
 C - a potion of haste
 H - 2 potions of cancellation
 R - a potion of magic
 U - 2 potions of flight
Miscellaneous
 y - a phantom mirror
 E - a box of beasts


   Skills:
 + Level 16.9 Fighting
 + Level 24.1 Axes
 + Level 15.7 Armour
 + Level 5.8 Dodging
 + Level 2.4 Stealth
 + Level 1.3 Evocations


You had 14 spell levels left.
You didn't know any spells.
Your spell library was empty.

Dungeon Overview and Level Annotations

Branches:
Dungeon (15/15)            Temple (0/1) D:6            Lair (5/5) D:11
 Shoals (0/4) Lair:3        Snake (0/4) Lair:3        Slime (0/5) Lair:5
    Orc (2/2) D:12            Elf (0/3) Orc:2        Vaults (0/5) D:13
 Depths (0/4) D:15         Bailey (visited)

Altars:
Elyvilon
Fedhas
Hepliaklqana
Okawaru
Sif Muna
Trog
Vehumet
The Shining One
Jiyva

Shops:
D:9 [   D:11 [

Portals:
Abyss: D:13

Annotations:
D:13 2 transporters, Naostoov's ghost, journeyman SpEn


Innate Abilities, Weirdness & Mutations

You are a tree.
Your roots penetrate the ground, keeping you stationary.
You cannot be teleported.
You are immune to unholy pain and torment.
Your maximum health is greatly increased.
Your equipment is partially melded.
((You have a pair of horns on your head.))
((You reflexively headbutt those who attack you in melee.))
You occasionally lose the ability to drink potions when taking damage.


Message History

* * * LOW HITPOINT WARNING * * *
The orc knight roars a battlecry!
The orc knight goes into a battle-frenzy!
You closely miss the soul eater.
The orc knight no longer looks unusually strong.
Your ogre barely misses the orc high priest.
The red devil hits you from afar with a +0 demon trident.
* * * LOW HITPOINT WARNING * * *
Barbed spikes become lodged in your body.
The red devil hits you but does no damage.
The orc high priest hits you but does no damage.
The orc knight hits you from afar with a +0 bardiche!!
* * * LOW HITPOINT WARNING * * *
The soul eater hits you but does no damage.
The red devil hits you but does no damage.
The red devil hits you from afar with a +0 trident!
* * * LOW HITPOINT WARNING * * *
Barbed spikes become lodged in your body.
The orc high priest hits you but does no damage.
The orc knight barely misses you.
Your ogre barely misses the orc high priest.
Really quaff the potion of lignification?
You turn into a tree.
The +0 cloak of Yredelemnul's Esteem {rElec Regen+ Int+3 Dex-5} melds into your body.
Your +2 hat of stealth melds into your body.
Your +1 pair of gloves melds into your body.
Your +2 pair of boots of rampaging melds into your body.
Your +2 crystal plate armour melds into your body.
You feel less stealthy.
You no longer feel able to rampage towards enemies.
Your roots penetrate the ground.
The soul eater hits you but does no damage.
Your ogre barely misses the orc high priest.
The red devil hits you from afar with a +0 demon trident.
* * * LOW HITPOINT WARNING * * *
Barbed spikes become lodged in your body.
The red devil hits you but does no damage.
The orc knight hits you from afar with a +0 bardiche!!
You feel threatened and lose the ability to drink potions!
You die...

.....#...........................
.................................
...........##..................#.
.....#.......................)..#
....##..................#......#.
........................##..[....
..........................##.....
..[.............))o........###.##
.))<............♣34o...##..#...##
..)..............Ooo...##.......#
..)<)...........#.4o....#...o....
...)..............#........###...
........................#.## ##..
..................#.$###...####..
...................... ##..#.#...
....................... #........
........... ........... ...#.#...


You could see 2 orc knights, a soul eater (summoned), an orc high priest
(strong, ally target), 2 red devils, 2 orc warriors and a friendly ogre
(summoned, berserk).

Vanquished Creatures
  Jorgrun (Orc:1)
  Rupert (D:15)
  A juggernaut zombie (D:15)
  Louise (D:14)
  Snorg (Orc:1)
  An ettin (Orc:1)
  A fire dragon (Lair:5)
  Josephine (D:15)
  Fannar (Lair:1)
  5 hydras
  A vault guard (D:13)
  3 catoblepae
  4 centaur warriors
  2 boulder beetles
  2 two-headed ogres
  A death knight (D:13)
  A tengu warrior (D:13)
  The ghost of Wuohuo the Destroyer, a journeyman TeFE of Makhleb (Lair:1)
  A vampire mage (D:15)
  Urug (D:11)
  An orc high priest (Orc:2)
  2 skysharks (Lair:4)
  Nergalle (Lair:1)
  3 skeletal warriors
  Amaemon (D:11)
  A death drake (shapeshifter) (D:14)
  A deep elf archer (D:13)
  A swamp dragon (Lair:5)
  A lindwurm (Lair:4)
  8 orc knights
  A wizard (D:15)
  4 deep elf pyromancers
  A necromancer (D:15)
  A tengu skeleton (D:15)
  5 cyclopes
  18 ugly things
  A stone giant zombie (D:15)
  2 orc sorcerers (Orc:1)
  7 manticores
  2 merfolk sirens (Lair:3)
  5 black mambas
  3 gargoyles
  12 cane toads
  3 torpor snails
  An orange demon (D:11)
  2 komodo dragons
  4 unseen horrors (D:11)
  Psyche (D:8)
  A yaktaur (D:13)
  17 rime drakes
  2 tengu conjurers
  A merfolk (Lair:3)
  9 trolls
  7 polar bears
  13 blink frogs
  6 dream sheep (Lair:5)
  An ettin zombie (D:15)
  2 raiju (Lair:5)
  5 slime creatures
  4 shadows
  22 yaks
  A vampire (D:10)
  4 wraiths
  2 wyverns
  A hog (shapeshifter) (D:11)
  3 basilisks
  12 vampire mosquitoes
  10 steam dragons
  A neqoxec (D:11)
  10 wargs
  Edmund (D:6)
  A warg (shapeshifter) (D:11)
  6 acid dragons
  13 water moccasins
  11 hell hounds (Lair:5)
  35 orc warriors
  A sky beast (D:8)
  12 black bears
  2 ice beasts (D:5)
  A swamp drake (Lair:5)
  3 ogres
  16 wolves
  13 centaurs
  A phantom (D:5)
  2 kobold brigands
  15 bullfrogs
  2 scorpions
  16 wights
  An electric eel (D:12)
  2 howler monkeys
  8 jellies
  A hound (D:4)
  A gnoll bouda (D:5)
  27 orc priests
  6 iguanas
  A sleepcap (D:5)
  18 orc wizards
  Natasha (thrice) (D:3)
  10 hell rats
  5 adders
  7 gnolls
  A shadow imp (D:7)
  A white imp (D:8)
  2 ufetubi
  3 dart slugs
  105 orcs
  5 endoplasms
  3 giant cockroaches (D:1)
  7 hobgoblins
  8 jackals
  3 quokkas
  5 ball pythons
  7 bats
  3 frilled lizards
  13 goblins
  21 kobolds
  4 rats
690 creatures vanquished.

Vanquished Creatures (collateral kills)
  A cacodemon (D:11)
  A fire dragon (Lair:4)
  The ghost of middlethird the Carver, a journeyman FoNe of Cheibriados (D:11)
  2 orc high priests (Orc:2)
  An orc knight (Orc:2)
  A deep elf pyromancer (D:12)
  3 ugly things (D:11)
  2 rime drakes (Lair:4)
  4 polar bears (Lair:5)
  A troll (Orc:2)
  3 blink frogs (Lair:5)
  2 raiju (Lair:5)
  6 slime creatures
  3 yaks (Lair:4)
  A steam dragon (Lair:4)
  A neqoxec (D:11)
  2 wargs (Lair:5)
  4 orc warriors
  2 wolves (Lair:5)
  An orc priest (Orc:2)
  An orc (Orc:2)
43 creatures vanquished.

Vanquished Creatures (others)
  A rime drake (Lair:4)
1 creature vanquished.

Grand Total: 734 creatures vanquished

Notes
Turn   | Place    | Note
-------+----------+-------------------------------------------
     0 | D:1      | Wiggles the Minotaur Berserker began the quest for the Orb.
     0 | D:1      | Reached XP level 1. HP: 19/19 MP: 0/0
   225 | D:1      | Reached XP level 2. HP: 18/27 MP: 1/1
   227 | D:1      | Reached skill level 4 in Axes
   507 | D:1      | Found a faded altar of an unknown god.
   508 | D:1      | Reached XP level 3. HP: 30/33 MP: 2/2
   565 | D:1      | Reached ** piety under Trog
   875 | D:2      | Found a white marble altar of Elyvilon.
   901 | D:2      | You are sucked into a shaft and drop 2 floors!
   948 | D:4      | Noticed an ogre
   954 | D:4      | Killed an ogre
   955 | D:4      | Reached skill level 5 in Axes
   955 | D:4      | Reached XP level 4. HP: 32/41 MP: 3/3
   955 | D:4      | Noticed a scorpion
   963 | D:4      | HP: 2/41 [poisoned by a scorpion]
   965 | D:4      | Killed a scorpion
   966 | D:4      | Reached XP level 5. HP: 2/47 MP: 4/4
  1601 | D:3      | Reached skill level 5 in Fighting
  1891 | D:3      | Reached XP level 6. HP: 56/56 MP: 5/5
  1931 | D:3      | Noticed Natasha
  1935 | D:3      | Killed Natasha
  1935 | D:3      | Reached *** piety under Trog
  2065 | D:3      | Noticed Natasha
  2071 | D:3      | Killed Natasha
  2271 | D:3      | Noticed Natasha
  2283 | D:3      | Killed Natasha
  2356 | D:4      | Found a radiant altar of Vehumet.
  2395 | D:4      | Reached skill level 6 in Axes
  2480 | D:4      | Noticed an orc warrior
  2492 | D:4      | Killed an orc warrior
  2493 | D:4      | Reached XP level 7. HP: 56/61 MP: 6/6
  3072 | D:5      | Entered Level 5 of the Dungeon
  3092 | D:5      | Reached skill level 7 in Axes
  3668 | D:5      | Reached skill level 5 in Armour
  3840 | D:5      | Reached skill level 8 in Axes
  3843 | D:5      | Found a hazy altar of Hepliaklqana.
  4056 | D:5      | Reached XP level 8. HP: 66/70 MP: 7/7
  4306 | D:6      | Found a staircase to the Ecumenical Temple.
  4354 | D:6      | Reached skill level 1 in Stealth
  4694 | D:6      | Reached skill level 9 in Axes
  4830 | D:6      | Noticed Edmund
  4840 | D:6      | Killed Edmund
  5355 | D:7      | Noticed a troll
  5364 | D:7      | Killed a troll
  5365 | D:7      | Reached skill level 10 in Axes
  5390 | D:7      | Found the +18 Lear's hauberk
  5481 | D:7      | Reached XP level 9. HP: 79/79 MP: 8/8
  5892 | D:7      | Reached **** piety under Trog
  6244 | D:8      | Noticed Psyche
  6247 | D:8      | Killed Psyche
  6248 | D:8      | Reached skill level 11 in Axes
  7146 | D:9      | Reached skill level 12 in Axes
  7401 | D:9      | Reached XP level 10. HP: 87/88 MP: 9/9
  7406 | D:9      | Reached skill level 13 in Axes
  7425 | D:9      | Found a shimmering blue altar of Sif Muna.
  7425 | D:9      | Found a glowing golden altar of the Shining One.
  7608 | D:9      | Found a blossoming altar of Fedhas.
  7644 | D:9      | Found a flagged portal.
  7657 | Bailey   | Entered a bailey
  7695 | Bailey   | Reached ***** piety under Trog
  7806 | Bailey   | Noticed an orc knight
  7860 | Bailey   | Killed an orc knight
  7971 | D:9      | Noticed an animated plate armour
  7974 | D:9      | Found Muptu Xourgho's Armour Shoppe.
  7974 | D:9      | Noticed an animated gold dragon scales
  7980 | D:9      | Bought the +0 cloak of Yredelemnul's Esteem {rElec Regen+
                  | Int+3 Dex-5} for 200 gold pieces
  8338 | D:9      | Reached skill level 14 in Axes
  8418 | D:9      | Found a bloodstained altar of Trog.
  8546 | D:10     | Entered Level 10 of the Dungeon
  9172 | D:11     | Noticed Urug
  9181 | D:11     | Killed Urug
  9182 | D:11     | Reached skill level 10 in Armour
  9182 | D:11     | Reached XP level 11. HP: 97/97 MP: 10/10
  9239 | D:11     | Found a runed translucent gate.
  9239 | D:11     | Found a runed translucent gate.
  9240 | D:11     | Found a runed translucent gate.
  9240 | D:11     | Noticed a brown ugly thing
  9240 | D:11     | Noticed a purple ugly thing
  9241 | D:11     | Noticed a red ugly thing
  9242 | D:11     | Noticed a purple ugly thing
  9288 | D:11     | Noticed a boulder beetle
  9299 | D:11     | Killed a boulder beetle
  9300 | D:11     | Reached skill level 15 in Axes
  9427 | D:11     | Noticed Amaemon
  9435 | D:11     | Killed Amaemon
  9530 | D:11     | Noticed a two-headed ogre
  9540 | D:11     | Killed a two-headed ogre
  9553 | D:11     | Noticed a cyan ugly thing
  9563 | D:11     | Reached skill level 10 in Fighting
  9572 | D:11     | Reached skill level 16 in Axes
  9574 | D:11     | Killed a cyan ugly thing
  9575 | D:11     | Reached skill level 5 in Dodging
  9637 | D:11     | Identified the +7 dagger of the Sage {speed, Fly rCorr
                  | Str-4}
  9837 | D:11     | Found Ozuifu Siuvu's Antique Armour Shoppe.
  9845 | D:11     | Bought a pair of runed gloves for 180 gold pieces
  9891 | D:11     | Found a staircase to the Lair.
 10060 | D:11     | Killed a red ugly thing
 10064 | D:11     | Killed a brown ugly thing
 10066 | D:11     | Killed a red ugly thing
 10067 | D:11     | Reached XP level 12. HP: 110/110 MP: 11/11
 10069 | D:11     | Reached skill level 17 in Axes
 10070 | D:11     | Found a runed translucent gate.
 10070 | D:11     | Found a runed translucent gate.
 10072 | D:11     | Found a runed translucent gate.
 10082 | D:11     | Noticed middlethird's ghost (journeyman FoNe)
 10083 | D:11     | Noticed a cacodemon
 10152 | D:11     | Killed a cacodemon
 10155 | D:11     | Killed middlethird's ghost
 10206 | D:11     | Gained mutation: You occasionally lose the ability to drink
                  | potions when taking damage. [mutagenic glow]
 10384 | D:12     | Found an iron altar of Okawaru.
 10540 | D:12     | Found a staircase to the Orcish Mines.
 10594 | D:12     | Reached skill level 18 in Axes
 11193 | Lair:1   | Entered Level 1 of the Lair of Beasts
 11270 | Lair:1   | Noticed Nergalle
 11279 | Lair:1   | Killed Nergalle
 11290 | Lair:1   | Noticed Fannar
 11301 | Lair:1   | Killed Fannar
 11446 | Lair:1   | Found a runed translucent gate.
 11446 | Lair:1   | Found a runed translucent gate.
 11446 | Lair:1   | Found a runed translucent gate.
 11447 | Lair:1   | Noticed Wuohuo's ghost (journeyman TeFE)
 11565 | Lair:1   | Reached skill level 19 in Axes
 11604 | Lair:1   | Reached XP level 13. HP: 115/119 MP: 12/12
 11983 | Lair:1   | Found a viscous altar of Jiyva.
 11998 | Lair:1   | Killed Wuohuo's ghost
 12397 | Lair:2   | You are sucked into a shaft and drop 1 floor!
 13197 | Lair:3   | Found a staircase to the Shoals.
 13237 | Lair:3   | Found a staircase to the Snake Pit.
 13590 | Lair:4   | Reached skill level 1 in Evocations
 13760 | Lair:4   | Reached skill level 20 in Axes
 13766 | Lair:4   | Received a gift from Trog
 13801 | Lair:4   | Noticed a fire dragon
 13807 | Lair:4   | Killed a fire dragon
 13867 | Lair:4   | Identified the +5 quarterstaff of a sewer {protect, rPois
                  | rC+ Str-5}
 14590 | Lair:5   | Entered Level 5 of the Lair of Beasts
 14606 | Lair:5   | Reached XP level 14. HP: 99/132 MP: 13/13
 14766 | Lair:5   | Reached skill level 21 in Axes
 15084 | Lair:5   | Found a staircase to the Slime Pits.
 15094 | Lair:5   | Found a viscous altar of Jiyva.
 15318 | Lair:5   | Reached skill level 15 in Fighting
 15462 | Lair:5   | Identified the +7 scimitar of Regicide {drain, rPois Str-3
                  | Dex+2}
 15914 | D:13     | Noticed a cacodemon
 15917 | D:13     | Found a transporter.
 15919 | D:13     | Found a transporter.
 16008 | D:13     | Received a gift from Trog
 16081 | D:13     | Reached skill level 22 in Axes
 16296 | D:13     | Found a one-way gate to the infinite horrors of the Abyss.
 16296 | D:13     | Noticed Naostoov's ghost (journeyman SpEn)
 16463 | D:13     | Found a gate to the Vaults.
 16753 | D:14     | Reached XP level 15. HP: 135/141 MP: 14/14
 16879 | D:14     | Found a bloodstained altar of Trog.
 17265 | D:14     | Noticed Louise
 17278 | D:14     | Killed Louise
 17279 | D:14     | Reached skill level 23 in Axes
 17290 | D:14     | Reached skill level 15 in Armour
 17380 | D:15     | Entered Level 15 of the Dungeon
 17494 | D:15     | Noticed Josephine
 17497 | D:15     | Killed Josephine
 17539 | D:15     | Noticed Rupert
 17556 | D:15     | Killed Rupert
 17600 | D:15     | Identified the +0 chain mail "Luni" {Drain rElec rCorr
                  | Dex+5}
 17618 | D:15     | Found a staircase to the Depths.
 17744 | Abyss:2  | Cast into level 2 of the Abyss (a wizard)
 17745 | Abyss:2  | Found a corrupted altar of Lugonu.
 17754 | Abyss:2  | Found a corrupted altar of Lugonu.
 17795 | D:15     | Escaped the Abyss
 18159 | D:15     | Received a gift from Trog
 18400 | Orc:1    | Entered Level 1 of the Orcish Mines
 18447 | Orc:2    | Entered Level 2 of the Orcish Mines
 18731 | Orc:1    | Noticed Snorg
 18737 | Orc:1    | Killed Snorg
 18740 | Orc:1    | Noticed Jorgrun
 18756 | Orc:1    | Killed Jorgrun
 19046 | Orc:2    | Found a staircase to the Elven Halls.
 19153 | Orc:2    | Identified the +6 lajatang "Zeub" {flame, *Rage Fly rPois
                  | rF+++} (Trog gifted it to you on level 2 of the Orcish
                  | Mines)
 19153 | Orc:2    | Received a gift from Trog
 19193 | Orc:2    | Reached skill level 24 in Axes
 19328 | Orc:2    | Demolished by an orc knight

Illustrated notes

Levels and vault maps discovered:
D:1:      minmay_arrival_stone_box, layout_loops_ring, basic_ecumenical_altar
D:2:      layout_basic, basic_altar, st_stairs_4
D:3:      layout_loops_ring, corexii_corridor_pit, uniq_natasha
D:4:      layout_basic, lemuel_doored_altar
D:5:      layout_loops_ring, nicolae_hepliaklqana_hippocampus, item_on_display_a
D:6:      layout_basic, minmay_temple_entry_poolview, uniq_edmund
D:7:      layout_loops_corners, minmay_crystal_room, grunt_ministairs_11,
          mrwooster_statue_mirror, corexii_checkpoint_b,
          hellmonk_guarded_unrand_lears
D:8:      layout_layer_cave, uniq_psyche
D:9:      layout_basic, marbit_many_paths, fedhas_ov_isle_minmay,
          gammafunk_temple_overflow_wave, enter_bailey_3, serial_shops,
          nicolae_shop_mannequins
D:10:     layout_gridville
D:11:     minmay_clustersquares, layout_irregular_city, lair_entry_dummy,
          serial_shops, shop, ploomutoo_gammafunk_ghost_potion_laboratory,
          kennysheep_donut, uniq_amaemon, uniq_urug
D:12:     layout_roguey, erik_orc_3, serial_bayou_lagoon_a, okawaru_gym_becter
D:13:     layout_roguey [special_room_orc], david_vaults_5,
          gammafunk_ghost_abyssal_escape, st_stairs_14
D:14:     layout_loops_ring, trog_ov_bears_minmay, uniq_louise
D:15:     gammafunk_depths_entry_grave, layout_loops_ring, nicolae_hexahallways,
          uniq_rupert, uniq_josephine
Lair:1:   layout_roguey, gammafunk_ghost_ooze, uniq_nergalle, uniq_fannar
Lair:2:   layout_roguey
Lair:3:   layout_cave_shapes, elwin_shoals_entry_rooms, dummy_snake_entry,
          columned_hall_lemuel
Lair:4:   nzn_winding_woodlands_medium [nzn_winding_woodlands_5x5_perimeter,
          nzn_winding_woodlands_5x15_concentric,
          nzn_winding_woodlands_5x5_closed_star,
          nzn_winding_woodlands_5x5_open_star,
          nzn_winding_woodlands_center_diamonds,
          nzn_winding_woodlands_5x5_cross, nzn_winding_woodlands_5x5_three,
          nzn_winding_woodlands_5x15_eye,
          nzn_winding_woodlands_5x5_checkerboard], layout_small_grid,
          bobbens_dragon_lair_wall
Lair:5:   hangedman_lair_caniforms_friends, layout_regular_city,
          guppyfry_lair_end_dragon, nicolae_slime_entry_field_trip,
          serial_bayou_pond_a, minivault_11
Orc:1:    layout_diamond_mine, uniq_jorgrun, uniq_snorg
Orc:2:    st_orc_pillars, layout_caves

Skill      XL: |  1  2  3  4  5  6  7  8  9 10 11 12 13 14 15 |
---------------+----------------------------------------------+-----
Axes           | 4 5 6 8 10 12 14 16 19 20 22 24 | 24.1
Fighting       | 4 5 7 8 9 11 12 14 15 16 | 16.9
Armour         | 3 4 5 7 8 10 11 12 13 14 15 | 15.7
Dodging        | 3 4 5 |  5.8
Stealth        | 1 2 |  2.4
Evocations     | 1 |  1.3

Action                     |  1- 3 |  4- 6 |  7- 9 | 10-12 | 13-15 || total
---------------------------+-------+-------+-------+-------+-------++-------
  Melee: Hand axe          |    65 |   104 |   125 |       |       ||   294
         Headbutt          |     9 |    20 |    39 |    86 |   131 ||   285
         Punch             |       |       |     1 |       |       ||     1
         Battleaxe         |       |       |   173 |   398 |   175 ||   746
         Executioner's axe |       |       |       |       |   591 ||   591
 Invoke: Berserk           |     2 |     2 |     5 |     8 |     9 ||    26
         Brothers in Arms  |       |       |       |     7 |    16 ||    23
  Evoke: Wand              |       |       |       |     4 |     8 ||    12
    Use: Potion            |       |     1 |       |       |     6 ||     7
         Scroll            |       |       |    12 |    10 |     8 ||    30
 Armour: Animal skin       |     4 |       |       |       |       ||     4
         Leather armour    |     6 |     1 |       |       |       ||     7
         Plate armour      |       |    35 |    80 |       |       ||   115
         Scale mail        |       |    13 |       |       |       ||    13
         Chain mail        |       |       |    92 |   248 |       ||   340
         Crystal plate arm |       |       |       |   115 |   869 ||   984
         Skin              |       |       |       |       |     2 ||     2
  Dodge: Dodged            |    56 |    51 |   146 |   175 |   296 ||   724
